 Dungeon Crawl Stone Soup version 0.21-a0-504-g2eda330 (webtiles) character file.

20 4thArraOfDagon the Firebug (level 2, -12/19 HPs)
             Began as a Barachi Fire Elementalist on Nov 25, 2017.
             Was an Initiate of Vehumet.
             Killed by divine providence
             ... invoked by an orc priest
              (13 damage)
             ... on level 4 of the Dungeon.
             The game lasted 00:02:55 (456 turns).

4thArraOfDagon the Firebug (BaFE)                    Turns: 456, Time: 00:02:56

Health: -12/19     AC:  2    Str:  9    XL:     2   Next: 79%
Magic:  0/5        EV: 12    Int: 15    God:    Vehumet [......]
Gold:   60         SH:  0    Dex: 12    Spells: 4/5 levels left

rFire    . . .     SeeInvis .   (no weapon)
rCold    . . .     Gourm    .   (no shield)
rNeg     . . .     Faith    .   a - +0 robe
rPois    .         Spirit   .   (no helmet)
rElec    .         Reflect  .   (no cloak)
rCorr    .         Harm     .   (no gloves)
MR       .....                  (no boots)
Stlth    ++........             (no amulet)
HPRegen  0.06/turn              (no ring)
MPRegen  0.09/turn              (no ring)

@: can't hop, very slightly contaminated, slow
A: +LOS, swims, slowness 1, strong legs 1
a: Hop, Renounce Religion


You were on level 4 of the Dungeon.
You worshipped Vehumet.
Vehumet was noncommittal.
You were not hungry.

You visited 2 branches of the dungeon, and saw 5 of its levels.

You collected 60 gold pieces.

Inventory:

Armour
 a - a +0 robe (worn)
Scrolls
 d - a scroll of fear {unknown}
Books
 b - a book of Flames

   Spells                             Type                      Level
   a - Flame Tongue                   Conjuration/Fire             1
   b - Throw Flame                    Conjuration/Fire             2
   c - Conjure Flame                  Conjuration/Fire             3
   d - Inner Flame                    Hexes/Fire                   3
   e - Sticky Flame                   Conjuration/Fire             4
   f - Fireball                       Conjuration/Fire             5
Comestibles
 c - a bread ration


   Skills:
 - Level 2.1 Dodging
 - Level 1.7 Stealth
 + Level 2.4 Spellcasting
 * Level 2.0 Conjurations
 * Level 3.7 Fire Magic


You had 4 spell levels left.
You knew the following spells:

 Your Spells              Type           Power        Failure   Level  Hunger
a - Flame Tongue          Conj/Fire      ##...        6%          1    #......


Dungeon Overview and Level Annotations

Branches:
Dungeon (4/15)             Temple (1/1) D:4

Altars:
Ru
Uskayaw
Vehumet

Portals:
Sewer: D:4

Annotations:
D:4 Grinder


Innate Abilities, Weirdness & Mutations

Shadows flee at your approach. (+LOS)
You can swim through water.
You cover ground slowly.
You can hop short distances.


Message History

The giant cockroach bites you.
* * * LOW HITPOINT WARNING * * *
Unknown command.
Unknown command.
Casting: Flame Tongue
Confirm with . or Enter, or press ? or * to list all spells.
Aiming: Flame Tongue
Press: ? - help, Shift-Dir - straight line, f/p - quokka skeleton
Aim: a quokka skeleton The flame tongue hits the giant cockroach.
You kill the giant cockroach!
Vehumet accepts your kill.
You hear a zap.
You hear a grinding noise.
Unknown command.
Unknown command.
Unknown command.
The orc priest calls down the wrath of Beogh upon you.
Beogh smites you!
Ouch! That really hurt!
You die...

#.###..##.... .S
#.#.........#o.o
#.#.........#.l
#.#...≈≈≈$S...
#.#..≈≈≈≈≈..#
#.#..≈≈∩≈≈..# #
#.#..≈≈≈≈≈..## .#
#.#...≈≈≈o...# ..#
#@#..........##.#
#Z#....o..?.....#
#r###$r##..#<.[#..
#.##r.##.r...###.#
#r#.Z###.####....#
.ro.####.###..#...
##o..##.r.##.....##
#..##..####r###.<.
#####.###r......##


You could see an orc priest, a river rat, an orc, 2 rats and a quokka skeleton.

Vanquished Creatures
  A river rat (D:4)
  A giant cockroach (D:4)
  A goblin (D:1)
  2 hobgoblins
  3 bats
  3 frilled lizards
  A kobold (D:2)
12 creatures vanquished.

Notes
Turn   | Place    | Note
-------+----------+-------------------------------------------
     0 | D:1      | 4thArraOfDagon the Barachi Fire Elementalist began the quest for the Orb.
     0 | D:1      | Reached XP level 1. HP: 13/13 MP: 3/3
   230 | D:2      | Reached XP level 2. HP: 5/19 MP: 0/5
   242 | D:2      | Found a hide-covered altar of Uskayaw.
   258 | D:4      | Noticed a scorpion
   264 | D:4      | Found a glowing drain.
   264 | D:4      | Noticed an ogre
   281 | D:4      | Found a staircase to the Ecumenical Temple.
   289 | Temple   | Entered the Ecumenical Temple
   296 | Temple   | Became a worshipper of Vehumet
   442 | D:4      | Noticed Grinder
   456 | D:4      | Killed from afar by an orc priest

Vault maps used:
D:1:      evilmike_arrival_rings, minmay_quantized
D:2:      lemuel_coloured_pillars_altar, minmay_door_square, minivault_27
D:3:      first_bread, minmay_misc_feat_enclosed, uniq_crazy_yiuf_cottage,
          uniq_natasha
D:4:      temple_statues, portal_sewer_entry_a, uniq_grinder
Temple:   minmay_crystal_spiral_temple

Skill      XL: |  1  2 |
---------------+-------+-----
Conjurations   | 2 |  2.0
Dodging        | |  2.1
Stealth        | |  1.7
Spellcasting   | |  2.4
Fire Magic     | |  3.7

Action                   || total
-------------------------++-------
Melee: Unarmed           ||     1
 Cast: Flame Tongue      ||    19
 Abil: Hop               ||     3
  Use: Scroll            ||     3
Armor: Robe              ||     5
Dodge: Dodged            ||    16

Table legend:
 A = Spawn XP
 B = Non-spawn XP
 C = Spawn XP percentage of total XP
 D = Spawn monster count
 E = Non-spawn monster count
 F = Spawn count percentage of total count
 G = Total turns spent on level
                    A         B        C        D         E        F      G
               +---------+---------+-------+---------+---------+-------+---------
         Total |       0 |      29 |   0.0 |       0 |      12 |   0.0 |   456
               +---------+---------+-------+---------+---------+-------+---------
           D:1 |       0 |       5 |   0.0 |       0 |       3 |   0.0 |   155
           D:2 |       0 |       5 |   0.0 |       0 |       4 |   0.0 |    69
           D:3 |       0 |       4 |   0.0 |       0 |       3 |   0.0 |    50
           D:4 |       0 |      15 |   0.0 |       0 |       2 |   0.0 |   100
               +---------+---------+-------+---------+---------+-------+---------
